 Dungeon Crawl Stone Soup version 0.29.1-2-gbd0b4ee654 (webtiles) character file.

Game seed: 6970297130856708928

318189 MacCMillion the Peltast (level 21, -3/166 HPs)
             Began as a Djinni Conjurer on Nov 7, 2022.
             Was an Elder of Ashenzari.
             Slain by a hell knight
             ... wielding a +4 war axe of flaming
             ... led by Margery
              (32 damage)
             ... on level 2 of the Vaults on Nov 10, 2022.
             The game lasted 04:52:17 (42405 turns).

MacCMillion the Peltast (Djinni Conjurer)          Turns: 42405, Time: 04:52:17

Health: -3/166     AC:  9    Str:  8    XL:     21   Next: 94%
Gold:   1301       EV: 20    Int: 35    God:    Ashenzari [****..] SH: 27 Dex: 15

rFire   + + +      SeeInvis +   Y - +2 Maxwell's thermic engine {flame, freeze}
rCold   + . .      Faith    .   o - +2 tower shield
rNeg    + . .      Spirit   .   V - +2 robe of the Fated Seeker {rC+, Self, Cun} (curse)
rPois   ∞          Reflect  +   u - +3 crown of Dyrovepreva {rElec Int+2 SInv, Self, Evo} (curse)
rElec   +          Harm     .   x - +2 ratskin cloak {*Rats rPois rN+ Str-1 Int-1 Dex+1, Self, Range} (curse)
rCorr   +          Rampage  .   (no gloves)
Will    ++...      Clarity  +   (boots unavailable)
Stlth   +++.......              K - amulet "I Foresaw This" {Reflect Fly Regen+ Int+3 SH+5, Self, Evo} (curse)
HPRegen 1.17/turn               e - ring of the Bound Cosmos {rF+ rC+ rCorr Str+3 Dex-4, Evo, Self} (curse)
MPRegen 0.00/turn               Q - ring "Circumscribed With Me" {Int+6, Evo, Self} (curse)

@: flying
A: sickness immunity, fire resistance 2, cold vulnerability 1, float, innate
caster, HP casting, extra vitality 1, deformed body, screaming 2
}: 3/15 runes: serpentine, barnacled, abyssal
a: Renounce Religion, Shatter the Chains


You were on level 2 of the Vaults.
You worshipped Ashenzari.
Ashenzari was greatly pleased with you.
You visited 8 branches of the dungeon, and saw 36 of its levels.
You visited the Abyss 2 times.
You also visited: Bailey, Gauntlet and Volcano.

You collected 3727 gold pieces.
You spent 2426 gold pieces at shops.

Inventory:

Hand Weapons
 Y - the +2 Maxwell's thermic engine (weapon) {flame, freeze}
   (You bought it in a shop on level 2 of the Orcish Mines)

   It burns those it strikes, dealing additional fire damage.
   Big, fiery blades are also staple armaments of hydra-hunters.
   It freezes those it strikes, dealing additional cold damage.
   It can also slow down cold-blooded creatures.
   It becomes more effective when it hits something.
   This effect fades over time.
Armour
 o - a +2 tower shield (worn)
 u - the cursed +3 crown of Dyrovepreva (worn) {rElec Int+2 SInv, Self, Evo}
   (You found it on level 3 of the Dungeon)

   Int:       It affects your intelligence (+2).
   rElec:     It insulates you from electricity.
   SInv:      It lets you see invisible.
   It has a curse which improves the following skills: Introspection: Fighting
   and Spellcasting.
   Evocations: Evocations.
 x - the cursed +2 ratskin cloak (worn) {*Rats rPois rN+ Str-1 Int-1 Dex+1, Self, Range}
   (You found it on level 4 of the Dungeon)

   When the wearer is hurt, rats may emerge from it to assist them.
   Str:       It affects your strength (-1).
   Int:       It affects your intelligence (-1).
   Dex:       It affects your dexterity (+1).
   rPois:     It protects you from poison.
   rN:        It protects you from negative energy.
   It has a curse which improves the following skills: Introspection: Fighting
   and Spellcasting.
   Ranged Combat: Ranged Weapons and Throwing.
 V - the cursed +2 robe of the Fated Seeker (worn) {rC+, Self, Cun}
   (You took it off Fannar on level 11 of the Dungeon)

   It has a curse which improves the following skills: Introspection: Fighting
   and Spellcasting.
   Cunning:   Dodging and Stealth.
 Z - a +1 leather armour of fire resistance
Jewellery
 e - the cursed ring of the Bound Cosmos (left hand) {rF+ rC+ rCorr Str+3 Dex-4, Evo, Self}
   (You acquired it on level 2 of the Shoals)

   [ring of resist corrosion]

   Str:       It affects your strength (+3).
   Dex:       It affects your dexterity (-4).
   rF:        It protects you from fire.
   rC:        It protects you from cold.
   rCorr:     It protects you from acid and corrosion.
   It has a curse which improves the following skills: Evocations: Evocations.
   Introspection: Fighting and Spellcasting.
 p - a +6 ring of intelligence
 K - the cursed amulet "I Foresaw This" (around neck) {Reflect Fly Regen+ Int+3 SH+5, Self, Evo}
   (You bought it in a shop on level 4 of the Dungeon)

   [amulet of reflection]

   It reflects blocked missile attacks.
   Int:       It affects your intelligence (+3).
   Fly:       It grants you flight.
   Regen:     It increases your rate of health regeneration.
   SH:        It affects your SH (+5).
   It has a curse which improves the following skills: Introspection: Fighting
   and Spellcasting.
   Evocations: Evocations.
 Q - the cursed ring "Circumscribed With Me" (right hand) {Int+6, Evo, Self}
   (You found it on level 4 of the Lair of Beasts)

   [ring of intelligence]

   Int:       It affects your intelligence (+6).
   It has a curse which improves the following skills: Evocations: Evocations.
   Introspection: Fighting and Spellcasting.
 S - an amulet of regeneration
 U - a ring of ice
 W - an amulet of the acrobat
Wands
 B - a wand of paralysis (28)
 F - a wand of mindburst (18)
 H - a wand of acid (13)
 M - a wand of flame (34)
 N - a wand of digging (7)
 O - a wand of roots (22)
Scrolls
 b - 4 scrolls of summoning
 d - 5 scrolls of amnesia
 f - 12 scrolls of noise
 j - 2 scrolls of teleportation
 r - 4 scrolls of enchant weapon
 s - 3 scrolls of immolation
 t - 3 scrolls of magic mapping
 v - 4 scrolls of brand weapon
 C - 4 scrolls of fear
 E - 6 scrolls of blinking
 G - a scroll of silence
 J - 5 scrolls of butterflies
 L - 3 scrolls of poison
 R - 3 scrolls of vulnerability
 X - 3 scrolls of enchant armour
Potions
 c - 15 potions of curing
 i - 9 potions of brilliance
 k - 4 potions of berserk rage
 l - 3 potions of cancellation
 m - 4 potions of ambrosia
 n - 2 potions of invisibility
 q - 9 potions of flight
 w - 4 potions of attraction
 z - 4 potions of resistance
 A - 7 potions of might
 P - a potion of mutation
 T - 3 potions of haste
Miscellaneous
 h - a lightning rod (4/4)
 y - a box of beasts


   Skills:
 - Level 12.7(19.0) Fighting
 - Level 16.0 Long Blades
 - Level 5.0 Armour
 + Level 16.0(17.8) Dodging
 - Level 4.7(6.6) Stealth
 - Level 18.0 Shields
 - Level 16.0(22.2) Spellcasting
 - Level 3.6(7.7) Evocations


You had 5 spell levels left.
You knew the following spells:

 Your Spells              Type           Power      Damage    Failure   Level
a - Magic Dart            Conj           100%       1d8       0%          1
b - Searing Ray           Conj           100%       2d8       0%          2
c - Dazzling Flash        Conj/Hex       100%       N/A       0%          3
d - Fulminant Prism       Conj/Hex       57%        3d25      0%          4
e - Iskenderun's Mystic   Conj/Tloc      100%       2d19      0%          4
f - Sting                 Tmut/Pois      100%       1d8       0%          1
g - Call Imp              Summ           100%       N/A       0%          2
h - Poisonous Vapours     Pois/Air       100%       N/A       0%          2
i - Confusing Touch       Hex            100%       N/A       0%          3
j - Blade Hands           Tmut           57%        N/A       0%          5
k - Alistair's Intoxicat  Tmut/Pois      76%        N/A       0%          5
l - Statue Form           Tmut/Erth      76%        N/A       1%          6
m - Summon Hydra          Summ           57%        N/A       1%          7
n - Death Channel         Necr           57%        N/A       1%          6
o - Ignition              Fire           57%        3d16      1%          8
Your spell library was empty.

Dungeon Overview and Level Annotations

Branches:
Dungeon (15/15)            Temple (1/1) D:4            Lair (5/5) D:8
 Shoals (4/4) Lair:2        Snake (4/4) Lair:2        Slime (0/5) Lair:4
    Orc (2/2) D:9             Elf (3/3) Orc:2        Vaults (2/5) D:13
 Depths (0/4) D:15         Bailey (visited)         Volcano (visited)
Gauntlet (visited)
  Crypt: Vaults:2-3

Altars:
Ashenzari
Cheibriados
Dithmenos
Elyvilon
Fedhas
Gozag
Hepliaklqana
Makhleb
Nemelex Xobeh
Okawaru
Qazlal
Ru
Trog
Uskayaw
Wu Jian
Xom
Yredelemnul
Zin
The Shining One
Jiyva

Shops:
D:4 *=*[   Orc:1 (   Orc:2 :[([=*=   Elf:1 (*!=:   Shoals:3 [?=   Snake:4 *[

Annotations:
D:10 exclusion: 2 doors
D:13 4 transporters
D:14 2 transporters
Shoals:4 3 runed translucent doors, TowerOfEmptiness's ghost, adept MiFi
Snake:4 3 runed translucent doors, Liseb's ghost, adept HuGl
Vaults:2 Frederick; Margery


Innate Abilities, Weirdness & Mutations

You are immune to sickness and miasma.
You are immune to poison.
Your flesh is very heat resistant. (rF++)
You are vulnerable to cold. (rC-)
You float through the air rather than walking.
You learn spells naturally, not from books.
Your magical power is your life essence.
You have superior vitality. (+4 MHP)
Armour fits poorly on your strangely shaped body.
You frequently scream uncontrollably at your foes.


Message History

The hell knight hits you with a +4 war axe of flaming!
* * * LOW HITPOINT WARNING * * *
The hell knight hits your eight-headed hydra with a +4 war axe of flaming!
The hell knight slices one of your eight-headed hydra's heads off!
The flame cauterises the wound!
The hell knight burns your seven-headed hydra.
The necromancer casts a spell at you.
Your body is wracked with pain!
* * * LOW HITPOINT WARNING * * *
The sphinx mumbles some strange words.
Something smites you!
* * * LOW HITPOINT WARNING * * *
You block the hell knight's attack.
The hell knight hits your seven-headed hydra with a +4 war axe of flaming!
The hell knight burns your seven-headed hydra!
The ironbound convoker gestures at the hell knight while chanting.
The hell knight seems to grow stronger.
Your seven-headed hydra barely misses the hell knight.
Your seven-headed hydra bites the hell knight but does no damage.
Your seven-headed hydra bites the hell knight! x3
Your seven-headed hydra bites the hell knight but does no damage.
Your seven-headed hydra bites the hell knight.
You swap places.
The hell knight hits you but does no damage.
The hell knight hits your seven-headed hydra with a +4 war axe of flaming!
The hell knight burns your seven-headed hydra.
Your seven-headed hydra dies!
Your seven-headed hydra's corpse disappears in a puff of smoke!
The necromancer gestures wildly while chanting.
The necromancer binds the souls of nearby monsters.
Blink to where?
Press: ? - help, Dir - move target
As you read the scroll of blinking, it crumbles to dust.
The hell knight calls down the wrath of its god upon you.
The bolt of fire misses you.
You revert to your normal fleshy form.
The cursed +2 robe of the Fated Seeker {rC+, Self, Cun} unmelds from your body.
You feel resistant to cold. You block the hell knight's attack.
The hell knight hits you with a +4 war axe of flaming!!
You die...

, ,, ,, , ,, * .... *
,, , .....# ,.... *
**#....# ,.).W , ,
#.^..# .)) ,{ * #....#
##'#####, ,* #....#
.......# * z#....#
.......#,*, , .#....#
)..)H..#, * **.+@...#
.)....{#..).,.z#p...#*
.....W.#########g...#,
.....Zp..pp{g.......#,
, *
..:.....J.p{..p.....#*
*
...........{..p.....#,
##..................#,,
*
.####...............#,
, ....##############..#
,


You could see a hell knight (fast, soul bound, strong), an ironbound frostheart,
2 flying skulls and a boggart (invisible).

Vanquished Creatures
  Nikola (Snake:4)
  A deep elf blademaster (Elf:3)
  A lich (Abyss:3)
  A deep elf master archer (Elf:3)
  An Executioner (Abyss:3)
  4 tentacled starspawn
  Ilsuiw (Shoals:3)
  Donald (Orc:2)
  6 nagarajas
  2 orc warlords
  2 vault wardens
  2 deep elf elementalists (Elf:3)
  An ironbound preserver (Vaults:1)
  2 ironbound thunderhulks
  3 very ugly things
  2 deep elf demonologists (Elf:3)
  5 dire elephants
  Azrael (Orc:2)
  A deep elf death mage (Elf:2)
  A fire dragon (D:14)
  A great orb of eyes (Vaults:1)
  Erolcha (Orc:2)
  Fannar (D:11)
  A rakshasa (D:14)
  2 boulder beetles
  5 hydras
  3 anacondas
  6 naga warriors
  2 catoblepae
  4 centaur warriors
  2 merfolk aquamancers (Shoals:4)
  6 dancing weapons
  6 ironbound frosthearts
  3 two-headed ogres
  Urug (D:11)
  3 tengu warriors
  A hell knight (Vaults:2)
  7 naga sharpshooters
  8 deep elf knights
  6 shock serpents
  4 orc high priests
  3 salamander mystics
  2 wretched stars
  A sixfirhy (Abyss:4)
  A goliath frog (Lair:5)
  A swamp dragon (Abyss:3)
  2 anaconda zombies
  A glowing orange brain (Vaults:2)
  8 sea snakes
  5 deep trolls
  3 ironbound convokers
  A naga ritualist (Snake:3)
  4 deep elf archers
  2 necromancers
  2 lindwurms
  5 wizards
  A wolf spider zombie (D:15)
  15 deep elf pyromancers
  9 orc knights
  12 deep elf zephyrmancers
  3 harpies (Shoals:4)
  2 mana vipers
  7 orc sorcerers
  2 ugly thing zombies
  6 cyclopes
  26 ugly things
  9 manticores
  5 salamanders
  A faun (Shoals:2)
  3 guardian serpents (Snake:4)
  A water nymph (Shoals:4)
  A worldbinder (Abyss:3)
  4 elephants (Lair:5)
  4 merfolk sirens
  Maurice (D:8)
  An apocalypse crab (Abyss:3)
  4 vault sentinels
  32 black mambas
  A shock serpent zombie (Snake:4)
  A gargoyle (D:11)
  14 naga magi
  A torpor snail (Lair:1)
  3 smoke demons
  An elf skeleton (Vaults:2)
  6 rime drakes (Lair:5)
  19 cane toads
  4 unseen horror zombies (D:9)
  3 unseen horrors
  2 centaur skeletons (D:15)
  An efreet (D:15)
  3 kobold demonologists
  2 demonic crawlers (Abyss:3)
  8 komodo dragons
  2 tengu conjurers
  4 freezing wraiths
  A hellwing (Abyss:4)
  4 trolls
  4 ancient zymes (Abyss:3)
  A harpy zombie (D:15)
  3 merfolk
  3 meliai (D:14)
  4 tyrant leeches (Lair:5)
  2 wind drakes
  2 raiju (Abyss:3)
  10 slime creatures
  19 blink frogs
  3 snapping turtles
  6 dream sheep (Shoals:1)
  A guardian serpent zombie (Snake:4)
  4 black mamba zombies
  A vampire (D:14)
  2 water elementals (Shoals:3)
  2 shadows
  An air elemental (Elf:1)
  A ynoxinul (Abyss:3)
  2 fire elementals
  9 fire bats
  8 basilisks
  11 wyverns
  42 yaks
  4 steam dragons
  Grum (D:8)
  2 neqoxecs
  A chaos spawn (Abyss:3)
  10 vampire mosquitoes
  26 nagas
  A glowing shapeshifter zombie (Vaults:2)
  3 fire bat zombies (Volcano)
  3 acid dragons
  6 wargs
  16 water moccasins
  A cane toad zombie (Lair:5)
  4 hell hounds
  A nameless horror (Snake:4)
  A black bear (D:8)
  29 orc warriors
  2 blink frog zombies (Lair:5)
  5 boggarts (Vaults:1)
  6 ogres
  2 vampire mosquito zombies
  9 centaurs
  15 wolves
  A rime drake zombie (Lair:5)
  2 kobold brigands
  A phantom (D:6)
  A komodo dragon zombie (Lair:2)
  15 bullfrogs
  3 small abominations (Abyss:3)
  A necrophage (D:7)
  2 scorpions
  A wyvern zombie (D:9)
  8 gnoll sergeants (Bailey)
  An earth elemental (Elf:1)
  A water moccasin zombie (Lair:2)
  10 wights
  3 killer bees (D:8)
  7 electric eels
  4 howler monkeys
  A bullfrog zombie (Lair:5)
  8 lava snakes (Volcano)
  3 hounds
  2 jellies
  3 centaur zombies (D:9)
  7 gnoll boudas
  20 orc priests
  Jessica (D:3)
  An iguana (D:5)
  Natasha (twice) (D:3)
  21 orc wizards
  3 yak simulacra (D:11)
  A boggart zombie (D:15)
  9 hell rats (Lair:5)
  3 polar bear simulacra (D:11)
  2 wolf simulacra (D:11)
  2 killer bee zombies (D:9)
  A hell rat zombie (Lair:5)
  Robin (D:3)
  21 gnolls
  9 adders
  2 shadow imps
  A white imp (D:6)
  3 ufetubi
  4 worms
  71 orcs
  4 endoplasms
  4 giant cockroaches
  13 goblins
  6 hobgoblins
  4 quokkas
  4 ball pythons
  3 bats (D:1)
  A frilled lizard (D:1)
  13 kobolds
  3 orc zombies (Orc:2)
  5 rats
  3 river rat simulacra (D:11)
  A butterfly (D:10)
  3 fulminant prisms
  A lurking horror (Abyss:3)
1002 creatures vanquished.

Vanquished Creatures (collateral kills)
  Bai Suzhen (Shoals:4)
  A bone dragon (Abyss:3)
  A lich (Abyss:3)
  3 deep elf blademasters
  An Executioner (Abyss:3)
  3 tentacled starspawn (Abyss:3)
  Polyphemus (Shoals:3)
  A tengu reaver (Vaults:2)
  4 nagarajas
  Roxanne (Shoals:4)
  A frost giant (Shoals:4)
  A fenstrider witch (Shoals:2)
  A vault warden (Vaults:2)
  4 deep elf sorcerers (Elf:3)
  An orc warlord (Vaults:2)
  3 deep elf elementalists (Elf:3)
  Aizul (Shoals:4)
  3 ironbound preservers (Vaults:1)
  An ironbound thunderhulk (Vaults:1)
  4 very ugly things (Vaults:1)
  3 deep elf demonologists
  A starcursed mass (Abyss:3)
  An entropy weaver (Abyss:3)
  4 deep elf annihilators
  2 dire elephants
  3 deep elf death magi (Elf:3)
  3 merfolk impalers
  A crystal guardian (Vaults:2)
  A merfolk javelineer (Shoals:4)
  3 deep elf high priests
  2 great orbs of eyes (Vaults:1)
  A peacekeeper (Vaults:2)
  A salamander tyrant (Snake:3)
  A boulder beetle (Vaults:1)
  2 merfolk aquamancers
  4 centaur warriors (Vaults:1)
  An ironbound frostheart (Vaults:1)
  An alligator snapping turtle (Shoals:1)
  2 death yaks
  16 dancing weapons
  3 naga sharpshooters
  4 thrashing horrors (Abyss:3)
  10 deep elf knights
  2 wretched stars (Abyss:3)
  2 salamander mystics (Snake:3)
  9 deep trolls (Vaults:1)
  3 wizards (Vaults:1)
  3 sea snakes
  An ironbound convoker (Vaults:1)
  2 naga ritualists
  5 deep elf archers
  11 deep elf pyromancers
  3 lindwurms (Vaults:1)
  7 harpies
  2 orc knights (Vaults:2)
  7 ugly things (Vaults:1)
  10 deep elf zephyrmancers
  A necromancer (Vaults:2)
  A mana viper (Snake:4)
  11 manticores
  A tengu skeleton (Vaults:2)
  2 cyclopes (Shoals:1)
  3 salamanders
  A faun (Shoals:2)
  A worldbinder (Abyss:3)
  3 elephants (Lair:2)
  A guardian serpent (shapeshifter) (Elf:1)
  2 guardian serpents
  4 black mambas
  A vault sentinel (Vaults:1)
  7 merfolk sirens
  A naga mage (Snake:4)
  5 water nymphs
  An orange demon (Abyss:3)
  A cane toad (Lair:1)
  A yaktaur zombie (Vaults:2)
  A torpor snail (Lair:4)
  A demonic crawler (Abyss:3)
  A tormentor (Abyss:3)
  An ancient zyme (Abyss:3)
  6 merfolk
  3 wind drakes (Shoals:4)
  A tarantella (shapeshifter) (Elf:2)
  A raiju (Abyss:3)
  A dream sheep (Shoals:1)
  3 slime creatures (Vaults:1)
  8 snapping turtles
  4 water elementals
  An ettin skeleton (Vaults:2)
  An air elemental (Elf:2)
  A basilisk (Lair:5)
  A fire bat (Volcano)
  5 yaks
  3 fire elementals
  3 chaos spawn (Abyss:3)
  3 large abominations
  A spatial vortex (Abyss:3)
  4 nagas (Snake:4)
  2 water moccasins (Lair:2)
  A sky beast (Abyss:3)
  4 small abominations (Abyss:3)
  A bullfrog (Lair:1)
  2 earth elementals
  2 orc priests (D:13)
  A hell rat (Lair:5)
  An orc wizard (D:13)
  2 orcs (D:13)
  2 butterflies
294 creatures vanquished.

Vanquished Creatures (others)
  A deep elf high priest (Elf:3)
  A salamander tyrant (Snake:4)
  An ugly thing zombie (D:14)
  A salamander (Snake:4)
  A black mamba (Snake:4)
  A salamander zombie (Snake:4)
  A naga mage (Snake:4)
  A water elemental (Abyss:3)
  3 nagas (Snake:4)
  A vampire mosquito zombie (D:13)
  A small abomination (Abyss:3)
  A tengu zombie (D:14)
  A yak zombie (Lair:1)
  2 wolf zombies (Lair:5)
  A bullfrog zombie (Lair:4)
  2 hell rat zombies (Lair:5)
  A kobold zombie (D:12)
  2 orc zombies (Orc:2)
  2 bushes
  A demonic plant (Gauntlet)
  652 fulminant prisms
  28 fungi
  187 plants
  18 starspawn tentacles
911 creatures vanquished.

Grand Total: 2207 creatures vanquished

Notes
Turn   | Place    | Note
-------+----------+-------------------------------------------
     0 | D:1      | MacCMillion the Djinni Conjurer began the quest for the
                  | Orb.
     0 | D:1      | MacCMillion set off with the following spells memorised:
                  | Magic Dart, Searing Ray, Dazzling Flash, Fulminant Prism,
                  | Iskenderun's Mystic Blast.
     0 | D:1      | Reached XP level 1. HP: 15/15 MP: 0/0
     3 | D:1      | Noticed an electric eel
   305 | D:1      | Reached XP level 2. HP: 17/21 MP: 0/0
  1151 | D:2      | Reached XP level 3. HP: 23/25 MP: 0/0
  1151 | D:2      | Learned a level 1 spell: Sting
  1636 | D:2      | Found a faded altar of an unknown god.
  1703 | D:2      | Reached XP level 4. HP: 27/31 MP: 0/0
  2445 | D:3      | Noticed Jessica
  2447 | D:3      | Killed Jessica
  2448 | D:3      | Reached XP level 5. HP: 32/35 MP: 0/0
  2448 | D:3      | Learned a level 2 spell: Call Imp
  2616 | D:3      | Noticed Robin
  3275 | D:3      | Killed Robin
  3434 | D:3      | Found the +3 crown of Dyrovepreva {rElec Int+2 SInv}
  3688 | D:4      | Noticed Natasha
  3688 | D:4      | Noticed an ogre
  3693 | D:3      | Killed Natasha
  3936 | D:3      | Noticed Natasha
  3944 | D:3      | Killed Natasha
  3945 | D:3      | Reached XP level 6. HP: 11/40 MP: 0/0
  4446 | D:4      | Found Kuaziss's Assorted Antiques.
  4790 | D:4      | Reached skill level 5 in Spellcasting
  4863 | D:4      | Found Ungeih's Jewellery Emporium.
  5061 | D:4      | Killed an ogre
  5062 | D:4      | Reached XP level 7. HP: 35/45 MP: 0/0
  5062 | D:4      | Learned a level 2 spell: Poisonous Vapours
  5087 | D:4      | Found Ynloaze's Assorted Antiques.
  5169 | D:4      | Found the +2 ratskin cloak {*Rats rPois rN+ Str-1 Int-1
                  | Dex+1}
  5254 | D:4      | Found a staircase to the Ecumenical Temple.
  5271 | Temple   | Entered the Ecumenical Temple
  5383 | Temple   | Became a worshipper of Ashenzari the Shackled
  5402 | D:4      | Found Puss's Armour Shop.
  5548 | D:4      | Found a blossoming altar of Fedhas.
  5688 | D:5      | Entered Level 5 of the Dungeon
  6938 | D:6      | Reached XP level 8. HP: 43/50 MP: 0/0
  7481 | D:6      | Reached * piety under Ashenzari
  8446 | D:7      | Found an ornate altar of the Wu Jian Council.
  8530 | D:7      | Found an iron altar of Okawaru.
  8534 | D:7      | Found a snail-covered altar of Cheibriados.
  8534 | D:7      | Found a basalt altar of Yredelemnul.
  8535 | D:7      | Found a hide-covered altar of Uskayaw.
  8535 | D:7      | Found a bloodstained altar of Trog.
  8535 | D:7      | Found a sacrificial altar of Ru.
  8535 | D:7      | Found a burning altar of Makhleb.
  8604 | D:7      | Reached skill level 1 in Fighting
  8830 | D:7      | Reached ** piety under Ashenzari
  9172 | D:8      | Noticed a yak
  9173 | D:8      | Noticed a yak
  9175 | D:8      | Noticed a yak
  9175 | D:8      | Noticed a yak
  9176 | D:8      | Noticed a yak
  9179 | D:8      | Killed a yak
  9180 | D:8      | Reached XP level 9. HP: 50/58 MP: 0/0
  9180 | D:8      | Learned a level 3 spell: Confusing Touch
  9439 | D:8      | Noticed Grum
  9459 | D:8      | Killed Grum
  9460 | D:8      | Reached skill level 5 in Fighting
  9873 | D:8      | Noticed Maurice
  9883 | D:8      | Killed Maurice
  9884 | D:8      | Reached XP level 10. HP: 38/70 MP: 0/0
 10089 | D:8      | Found a staircase to the Lair.
 10274 | D:8      | Reached *** piety under Ashenzari
 10393 | D:8      | Reached skill level 10 in Spellcasting
 10710 | D:9      | Noticed a two-headed ogre
 10741 | D:9      | Killed a two-headed ogre
 11352 | D:9      | Noticed a two-headed ogre
 11381 | D:9      | Killed a two-headed ogre
 11382 | D:9      | Reached XP level 11. HP: 63/78 MP: 0/0
 11382 | D:9      | Learned a level 5 spell: Blade Hands
 11919 | D:9      | Reached **** piety under Ashenzari
 12469 | D:9      | Paralysed by a wight for 5 turns
 12578 | D:9      | Found a staircase to the Orcish Mines.
 12684 | D:10     | Entered Level 10 of the Dungeon
 12723 | D:10     | Found a flagged portal.
 12730 | Bailey   | Entered a bailey
 13683 | D:10     | Noticed a two-headed ogre
 13722 | D:10     | Killed a two-headed ogre
 13723 | D:10     | Reached skill level 1 in Long Blades
 14205 | D:4      | Bought the amulet "Duff" {Reflect Fly Regen+ Int+3 SH+5}
                  | for 635 gold pieces
 14282 | Lair:1   | Entered Level 1 of the Lair of Beasts
 14293 | Lair:1   | Reached XP level 12. HP: 57/91 MP: 0/0
 14302 | Lair:1   | Found a gate leading to a gauntlet.
 14319 | Gauntlet | Entered a Gauntlet
 14319 | Gauntlet | Noticed a catoblepas
 14319 | Gauntlet | Found a transporter.
 14319 | Gauntlet | Found a transporter.
 14341 | Gauntlet | Found a transporter.
 14359 | Gauntlet | Found a transporter.
 14359 | Gauntlet | Found a transporter.
 14362 | Gauntlet | Found a transporter.
 14362 | Gauntlet | Found a transporter.
 14363 | Gauntlet | Found a transporter.
 14363 | Gauntlet | Noticed a hell beast
 14374 | Gauntlet | Found a transporter.
 14384 | Gauntlet | Identified the ring of Ocaclynk {Fly rCorr Dex+2}
 14392 | Gauntlet | Found a transporter.
 14402 | Gauntlet | Found a transporter.
 14402 | Gauntlet | Noticed a hell hog
 14419 | Gauntlet | Found a transporter.
 14438 | Gauntlet | Found a transporter.
 14455 | Gauntlet | Found a transporter.
 14621 | Lair:1   | Noticed a four-headed hydra
 14631 | Lair:1   | Killed a four-headed hydra
 14938 | Lair:1   | Noticed a four-headed hydra
 14947 | Lair:1   | Killed a four-headed hydra
 15359 | Lair:2   | Reached skill level 1 in Evocations
 15366 | Lair:2   | Reached skill level 5 in Long Blades
 15758 | Lair:2   | Found a staircase to the Snake Pit.
 15816 | Lair:2   | Reached XP level 13. HP: 101/103 MP: 0/0
 15816 | Lair:2   | Learned a level 5 spell: Alistair's Intoxication
 16015 | Lair:2   | Noticed a five-headed hydra
 16024 | Lair:2   | Killed a five-headed hydra
 16025 | Lair:2   | Reached skill level 10 in Fighting
 16151 | Lair:2   | Found a staircase to the Shoals.
 16617 | Lair:3   | Reached ***** piety under Ashenzari
 17292 | Lair:4   | Noticed a four-headed hydra
 17306 | Lair:4   | Killed a four-headed hydra
 17372 | Lair:4   | Identified Vehumet's Atlas of Confrontation
 17538 | Lair:4   | Reached skill level 1 in Shields
 17744 | Lair:4   | Found a viscous altar of Jiyva.
 17744 | Lair:4   | Found a staircase to the Slime Pits.
 17766 | Lair:4   | Reached skill level 2 in Shields
 18032 | Lair:5   | Entered Level 5 of the Lair of Beasts
 18049 | Lair:5   | Reached skill level 3 in Shields
 18092 | Lair:5   | Reached skill level 4 in Shields
 18226 | Lair:5   | Reached XP level 14. HP: 110/112 MP: 0/0
 18233 | Lair:5   | Reached skill level 5 in Shields
 18254 | Lair:5   | Reached skill level 10 in Long Blades
 19141 | Lair:5   | Identified the +6 trident of Dismemberment {flame, rPois
                  | Str-4 Int+2}
 19937 | D:10     | Found a shimmering altar of Xom.
 20503 | D:11     | Noticed Fannar
 20514 | D:11     | Killed Fannar
 20555 | D:11     | Noticed Urug
 20563 | D:11     | Killed Urug
 20742 | D:11     | Identified the +10 flail of Calautae {drain, *Slow Str+3}
 21148 | D:12     | Reached XP level 15. HP: 111/126 MP: 0/0
 21148 | D:12     | Learned a level 6 spell: Statue Form
 21845 | Orc:1    | Entered Level 1 of the Orcish Mines
 21877 | Orc:1    | Reached skill level 5 in Dodging
 21882 | Orc:1    | Found Hasteur's Weapon Emporium.
 21937 | Orc:1    | Found a dark tunnel.
 21946 | Volcano  | Entered a volcano
 22219 | Volcano  | Found a burning altar of Makhleb.
 22681 | Orc:2    | Entered Level 2 of the Orcish Mines
 22681 | Orc:2    | Noticed Azrael
 22681 | Orc:2    | Noticed Erolcha
 22686 | Orc:2    | Found Ohujisal's Book Boutique.
 22757 | Orc:2    | Killed Azrael
 22769 | Orc:2    | Killed Erolcha
 22846 | Orc:2    | Found a staircase to the Elven Halls.
 22881 | Orc:2    | Found Guikhlen's Antique Armour Emporium.
 23056 | Orc:2    | Noticed an orc warlord
 23069 | Orc:2    | Killed an orc warlord
 23223 | Orc:2    | Noticed Donald
 23234 | Orc:2    | Killed Donald
 23352 | Orc:2    | Found Jemeno's General Store.
 23353 | Orc:2    | Found Eloll's Antique Armour Boutique.
 23353 | Orc:2    | Found Hobbooxa's Jewellery Boutique.
 23354 | Orc:2    | Found Etro's Antique Weapon Shop.
 23560 | Orc:2    | Found Jity's Jewellery Shoppe.
 23842 | D:8      | Identified the cursed +2 robe of the Fated Seeker {rC+,
                  | Self, Cun} (You took it off Fannar on level 11 of the
                  | Dungeon)
 24005 | D:13     | Found a transporter.
 24005 | D:13     | Found a transporter.
 24022 | D:13     | Found a transporter.
 24035 | D:13     | Found a transporter.
 24221 | D:13     | Found a gate to the Vaults.
 24294 | D:13     | Reached XP level 16. HP: 51/137 MP: 0/0
 24403 | D:13     | Found a transporter.
 24404 | D:13     | Found a transporter.
 24418 | D:13     | Found a transporter.
 24455 | D:13     | Found a gate to the Vaults.
 24684 | D:14     | Reached skill level 10 in Dodging
 25163 | D:13     | Found a gate to the Vaults.
 25248 | D:13     | Found a transporter.
 25249 | D:13     | Found a transporter.
 25251 | D:13     | Found a transporter.
 25276 | D:13     | Found a transporter.
 25481 | D:14     | Reached skill level 1 in Armour
 25483 | D:14     | Identified the +0 robe of Bedevilment {Rampage Slay+3
                  | Stlth+}
 25526 | D:14     | Found a transporter.
 25556 | D:14     | Found a transporter.
 25752 | D:15     | Entered Level 15 of the Dungeon
 26541 | D:15     | Reached skill level 5 in Armour
 26733 | D:15     | Found a staircase to the Depths.
 27139 | Snake:1  | Entered Level 1 of the Snake Pit
 27295 | Orc:2    | Bought a glowing buckler for 187 gold pieces
 28518 | Snake:1  | Reached skill level 6 in Shields
 28794 | Snake:2  | Noticed a nagaraja
 29016 | Snake:2  | Reached skill level 7 in Shields
 29026 | Snake:1  | Reached XP level 17. HP: 83/143 MP: 0/0
 29026 | Snake:1  | Learned a level 7 spell: Summon Hydra
 29283 | Snake:2  | Reached skill level 8 in Shields
 29775 | Snake:3  | Reached skill level 9 in Shields
 29997 | Snake:3  | Reached skill level 10 in Shields
 30547 | Snake:4  | Entered Level 4 of the Snake Pit
 30633 | Snake:4  | Noticed Nikola
 30651 | Snake:4  | Reached skill level 11 in Shields
 30673 | Snake:4  | Killed Nikola
 30921 | Snake:4  | Found a runed translucent gate.
 30921 | Snake:4  | Found a runed translucent gate.
 30921 | Snake:4  | Noticed Liseb's ghost (adept HuGl)
 30922 | Snake:4  | Found a runed translucent gate.
 30942 | Snake:4  | Found Xuejophat's Antique Armour Emporium.
 30942 | Snake:4  | Found Divior's Assorted Antiques.
 30957 | Snake:4  | Bought a scroll of teleportation for 120 gold pieces
 31353 | Snake:4  | Reached skill level 12 in Shields
 31590 | Orc:2    | Bought the +2 Maxwell's thermic engine {flame, freeze} for
                  | 1364 gold pieces
 31590 | Orc:2    | Found the +2 Maxwell's thermic engine {flame, freeze}
 32105 | Snake:4  | Reached XP level 18. HP: 144/145 MP: 0/0
 32156 | Snake:4  | Reached skill level 13 in Shields
 32340 | Snake:4  | Got a serpentine rune of Zot
 32560 | Shoals:1 | Entered Level 1 of the Shoals
 33517 | Shoals:2 | Identified a scroll of acquirement
 33532 | Shoals:2 | Acquired the ring "Sehing" {rF+ rC+ rCorr Str+3 Dex-4}
 34107 | Shoals:3 | Found Hyptom's Armour Shop.
 34242 | Shoals:3 | Found Mytuesax's Jewellery Emporium.
 34273 | Shoals:3 | Noticed Ilsuiw
 34288 | Shoals:3 | Killed Ilsuiw
 34315 | Shoals:3 | Noticed Polyphemus
 34433 | Shoals:3 | Killed Polyphemus
 34573 | Shoals:3 | Found Qisaqeom's Magic Scroll Emporium.
 34589 | Shoals:3 | Bought a scroll of blinking for 120 gold pieces
 34954 | Shoals:3 | Reached skill level 14 in Shields
 35122 | Shoals:4 | Entered Level 4 of the Shoals
 35122 | Shoals:4 | Identified the +0 cloak of the Jabberwock {Rampage *Slow
                  | Dex+2 SInv}
 35235 | Shoals:4 | Noticed Bai Suzhen
 35241 | Shoals:4 | Noticed Aizul
 35725 | Shoals:4 | Killed Bai Suzhen
 35726 | Shoals:4 | Reached XP level 19. HP: 150/150 MP: 0/0
 35726 | Shoals:4 | Learned a level 6 spell: Death Channel
 35773 | Shoals:4 | Killed Aizul
 35788 | Shoals:4 | Identified Roxanne's Spellbook of the Caves
 35788 | Shoals:4 | Noticed Roxanne
 35803 | Shoals:4 | Killed Roxanne
 35914 | Shoals:4 | Found a runed translucent gate.
 35914 | Shoals:4 | Found a runed translucent gate.
 35915 | Shoals:4 | Found a runed translucent gate.
 35918 | Shoals:4 | Noticed TowerOfEmptiness's ghost (adept MiFi)
 35918 | Shoals:4 | Identified the +6 shortbow of the Lurker {flame, rN+ Int+3
                  | Stlth+}
 36175 | Shoals:4 | Got a barnacled rune of Zot
 36311 | Elf:1    | Entered Level 1 of the Elven Halls
 36380 | Elf:1    | Reached skill level 15 in Shields
 36605 | Elf:1    | Found Hulau's General Store.
 36744 | Elf:1    | Found Femiaw's Weapon Shoppe.
 36960 | Elf:1    | Found Kiapikkuu's Book Emporium.
 36982 | Elf:1    | Found Deoxaz Taoc's Jewellery Emporium.
 37078 | Elf:1    | Found Limusuhi's Distillery.
 37331 | Elf:1    | Reached skill level 15 in Long Blades
 37905 | Elf:2    | Paralysed by an air elemental for 1 turns
 37909 | Elf:2    | Paralysed by an air elemental for 1 turns
 37911 | Elf:2    | Paralysed by an air elemental for 1 turns
 37916 | Elf:2    | Identified the +5 mace "Worm's Wrath" {pain, rPois rC- rN+
                  | Dex+4}
 38116 | Elf:2    | Found a runed translucent gate.
 38117 | Elf:2    | Found a runed translucent gate.
 38118 | Elf:2    | Found a runed translucent gate.
 38431 | Elf:2    | Noticed a deep elf blademaster
 38441 | Elf:2    | Killed a deep elf blademaster
 38629 | Elf:2    | Reached XP level 20. HP: 162/162 MP: 0/0
 38842 | Elf:3    | Entered Level 3 of the Elven Halls
 38843 | Abyss:3  | Cast into level 3 of the Abyss (a deep elf demonologist)
 38920 | Abyss:3  | Found a snail-covered altar of Cheibriados.
 38920 | Abyss:3  | Found a broken altar of Ashenzari.
 38921 | Abyss:3  | Found a white marble altar of Elyvilon.
 38921 | Abyss:3  | Found a hide-covered altar of Uskayaw.
 38921 | Abyss:3  | Found a glowing golden altar of the Shining One.
 38922 | Abyss:3  | Found an ornate altar of the Wu Jian Council.
 38922 | Abyss:3  | Found an opulent altar of Gozag.
 38923 | Abyss:3  | Found a shimmering altar of Xom.
 38925 | Abyss:3  | Found a glowing silver altar of Zin.
 38925 | Abyss:3  | Found a sparkling altar of Nemelex Xobeh.
 38925 | Abyss:3  | Found a bloodstained altar of Trog.
 38927 | Abyss:3  | Found a shadowy altar of Dithmenos.
 38927 | Abyss:3  | Found a blossoming altar of Fedhas.
 38927 | Abyss:3  | Found a stormy altar of Qazlal.
 38927 | Abyss:3  | Found an iron altar of Okawaru.
 38929 | Abyss:3  | Found a basalt altar of Yredelemnul.
 38929 | Abyss:3  | Found a hazy altar of Hepliaklqana.
 38929 | Abyss:3  | Found a stormy altar of Qazlal.
 39020 | Abyss:3  | Reached skill level 15 in Spellcasting
 39095 | Abyss:3  | Gained mutation: You occasionally shout uncontrollably at
                  | your foes. [a neqoxec]
 39113 | Abyss:3  | Noticed a bone dragon
 39145 | Abyss:3  | Killed a bone dragon
 39195 | Abyss:3  | Reached skill level 16 in Shields
 39235 | Abyss:3  | Got an abyssal rune of Zot
 39267 | Abyss:4  | Found a corrupted altar of Lugonu.
 39304 | Abyss:4  | Gained mutation: Armour fits poorly on your strangely
                  | shaped body. [a neqoxec]
 39305 | Abyss:4  | Gained mutation: You frequently scream uncontrollably at
                  | your foes. [a neqoxec]
 39355 | Elf:3    | Escaped the Abyss
 39356 | Elf:3    | Noticed a Hell Sentinel
 39357 | Elf:3    | Noticed an Ice Fiend
 40519 | Abyss:4  | Cast into level 4 of the Abyss (a deep elf sorcerer)
 40535 | Elf:3    | Escaped the Abyss
 40540 | Elf:3    | Identified the +6 great sword of Cawniusa {venom, rPois
                  | rF+++ rC- Str-3}
 40543 | Elf:3    | Identified the +8 morningstar of Ciklatru {spect, rPois}
 40697 | Elf:1    | Reached XP level 21. HP: 168/168 MP: 0/0
 40697 | Elf:1    | Learned a level 8 spell: Ignition
 40901 | Vaults:1 | Entered Level 1 of the Vaults
 41118 | Vaults:1 | Found the +10 Black Knight's barding {ponderous, rPois rN+}
 41134 | Vaults:1 | Reached skill level 17 in Shields
 41432 | Vaults:1 | Identified the +4 rapier of Internal Strife {chaos, Will+
                  | MP+9}
 41445 | Vaults:1 | Reached skill level 15 in Dodging
 42069 | Vaults:2 | Identified the +0 scale mail of Heireu {Fly rElec Int+5
                  | Dex-4}
 42335 | Vaults:2 | Noticed Frederick
 42337 | Vaults:2 | Noticed Margery
 42365 | Vaults:2 | HP: 10/211 [Frederick/bolt of cold (19)]
 42366 | Vaults:2 | Identified the Secrets of the Frostbitten Salvo
 42379 | Vaults:2 | Reached skill level 18 in Shields
 42405 | Vaults:2 | Slain by a hell knight

Illustrated notes

Levels and vault maps discovered:
D:1:      arrival_aquarium_a, layout_loops_ring
D:2:      layout_basic, shapermc_ecumenical_altar_totnotflames
D:3:      layout_rooms, uniq_robin, uniq_jessica
D:4:      layout_rooms, general_overflow_altar,
          minmay_temple_entry_proselytizer, serial_shops, shop_coins, shop,
          nicolae_shop_behind_doors, nicolae_shop_hallway_plus, uniq_natasha
D:5:      layout_cave_pods, minivault_5, minivault_25,
          chequers_serial_rivers_room_b
D:6:      layout_basic, serial_bayou_lake_a
D:7:      layout_basic, grunt_temple_overflow_open, supply_closet_lemuel
D:8:      layout_cave_pods, dpeg_oklobed_lair, fungi_pond_lemuel,
          hangedman_decor_growths, uniq_grum, uniq_maurice
D:9:      layout_gridville, minmay_orc_entry_guard_dogs, serial_undead,
          serial_undead_d, serial_undead_c, serial_undead_f, serial_undead_d
D:10:     layout_loops_corners, xom_butterflies, enter_bailey_2,
          minmay_crystal_room, minmay_quadrilaterals
D:11:     layout_gridville, eino_house_with_fridge, uniq_fannar, uniq_urug
D:12:     layout_roguey
D:13:     layout_big_octagon, erik_vaults_1, nicolae_diode_quadrants
D:14:     gammafunk_sealed_library, layout_rooms, serial_glass, glass_columns_c,
          glass_columns_a, kennysheep_another_room, grunt_ministairs_1
D:15:     grunt_enter_depths_magical_seal, layout_rooms,
          amcnicky_mini_pool_small, kennysheep_flooded_box
Temple:   hc_temple_tempest_star
Lair:1:   layout_gridlike, gauntlet_entry_generic, minivault_23, minivault_25,
          minmay_hedge_maze, hibernation_bobbens, infiniplex_staircase_pool_2
Lair:2:   layout_hall_layers, shoals_dummy_entry,
          minmay_snake_entry_six_corridors, chequers_serial_rivers_small_3,
          grunt_megastairs_1, lemuel_fruit_fields, serial_bayou_shore_b
Lair:3:   layout_regular_city
Lair:4:   layout_big_grid, slime_entry_1
Lair:5:   minmay_lair_end_frog_pond, layout_gridlike, special_room
          [special_room_mythical_zoo], nzn_sisyphean_effort
Shoals:1: layout_shoals, nicolae_shoals_hidden_pirate_stash
Shoals:2: layout_shoals, nicolae_shoals_beach_house_on_fowls_legs
Shoals:3: layout_shoals, serial_shops, shop, shop, shop, uniq_polyphemus,
          uniq_ilsuiw
Shoals:4: shoals_end_grunt_ice, layout_shoals, gammafunk_ghost_necromancy,
          uniq_mara, uniq_aizul, uniq_bai_suzhen, uniq_roxanne
Snake:1:  layout_chambers
Snake:2:  layout_rooms
Snake:3:  layout_onion
Snake:4:  johnstein_snake_rune_scales, layout_gridlike, gammafunk_ghost_split,
          minmay_shoptagon, grunt_megastairs_3, uniq_nikola
Orc:1:    layout_diamond_mine, basic_altar, nicolae_volcano_entry_batcave,
          serial_shops, nicolae_shop_advertising_works
          [nicolae_subvault_shop_adworks]
Orc:2:    st_orc_congregation, layout_caves, serial_shops,
          nicolae_shop_hallway_stairs, nicolae_lakefront_shop,
          nicolae_shop_trees, mines2_david, uniq_azrael, uniq_erolcha,
          uniq_donald
Elf:1:    layout_onion_city, serial_shops, nicolae_shop_crystal, shop,
          nicolae_shop_behind_doors, shop, shop, kennysheep_underground_church,
          amcnicky_mini_rare_corridor_liquid
Elf:2:    elven_hall_of_blades_hangedman_original
          [nicolae_blade_entry_diamond_columns], layout_geoelf_diagonals,
          serial_sigils_hangedman_writhe
Elf:3:    minmay_elf_hall_four_x, layout_geoelf_grid
Vaults:1: v_misc_31, vaults_room_door_ring, v_misc_4, v_misc_9, v_misc_16,
          nicolae_vaults_three_branches, vaults_dpeg_hooks,
          dpeg_vaults_monster_box, layout_vaults_omnicross
Vaults:2: nicolae_vaults_know_your_exits, ontoclasm_vaults_chip, v_misc_5,
          vaults_dpeg_encased_lava, minmay_crypt_entry_simple_box,
          hangedman_vaults_trim, nicolae_vaults_border_crossing,
          layout_vaults_big_room, uniq_boris, uniq_frederick, uniq_margery

Skill      XL: |  1  2  3  4  5  6  7  8  9 10 11 12 13 14 15 16 17 18 19 20 21 |
---------------+----------------------------------------------------------------+-----
Stealth        | 2 3 4 |  4.7
Dodging        | 3 4 9 11 12 14 16 | 16.0
Spellcasting   | 4 5 6 8 9 11 12 13 14 15 16 | 16.0
Fighting       | 2 5 7 9 10 11 12 | 12.7
Long Blades    | 2 6 9 12 13 14 16 | 16.0
Evocations     | 2 3 |  3.6
Shields        | 4 5 7 12 14 15 16 18 | 18.0
Armour         | 5 |  5.0

Action                   |  1- 3 |  4- 6 |  7- 9 | 10-12 | 13-15 | 16-18 | 19-21 || total
-------------------------+-------+-------+-------+-------+-------+-------+-------++-------
Melee: Dagger            |       |     1 |     1 |     8 |       |       |       ||    10
       Double sword      |       |       |       |    52 |   276 |   218 |   433 ||   979
       Scimitar          |       |       |       |     2 |       |       |       ||     2
       Punch             |       |       |       |       |     4 |       |       ||     4
 Cast: Magic Dart        |    50 |    59 |    19 |     3 |       |       |       ||   131
       Searing Ray       |     4 |    24 |    20 |    21 |     9 |       |       ||    78
       Call Imp          |       |     1 |       |     1 |     1 |       |       ||     3
       Poisonous Vapours |       |       |    59 |    89 |    35 |     4 |     1 ||   188
       Fulminant Prism   |       |       |    14 |    78 |   271 |   291 |     1 ||   655
       Sting             |       |       |       |     1 |       |       |       ||     1
       Alistair's Intoxi |       |       |       |       |    16 |    35 |     8 ||    59
       Confusing Touch   |       |       |       |       |     3 |       |       ||     3
       Statue Form       |       |       |       |       |     4 |    35 |    78 ||   117
       Summon Hydra      |       |       |       |       |       |   151 |   303 ||   454
       Ignition          |       |       |       |       |       |       |    15 ||    15
       Iskenderun's Myst |       |       |       |       |       |       |     1 ||     1
Invok: Curse Item        |       |       |     3 |     5 |     3 |     1 |     1 ||    13
       Shatter the Chain |       |       |       |     2 |     2 |     2 |     1 ||     7
 Abil: End Transformatio |       |       |       |       |       |     5 |     7 ||    12
  Use: Scroll            |       |       |     7 |       |     1 |     1 |    10 ||    19
       Potion            |       |       |       |       |     2 |       |     6 ||     8
 Stab: Distracted        |       |       |       |       |     1 |     1 |     6 ||     8
       Confused          |       |       |       |       |     3 |     3 |       ||     6
       Sleeping          |       |       |       |       |       |       |     9 ||     9
Armor: Robe              |     2 |     4 |     4 |    38 |    69 |    20 |     2 ||   139
       Skin              |       |       |       |       |    22 |   110 |   244 ||   376
Dodge: Dodged            |     2 |    22 |    13 |   105 |   225 |   181 |   303 ||   851
Block: Other             |       |    11 |     3 |    38 |    66 |    13 |       ||   131
       Reflection        |       |       |       |     3 |     4 |    56 |    55 ||   118
       Kite shield       |       |       |       |       |       |   305 |   462 ||   767
       Tower shield      |       |       |       |       |       |       |   131 ||   131
